 Dungeon Crawl Stone Soup version 0.25-a0-23-gdc1bd94 (webtiles) character file.

Game seed: 11911075506673995233, levelgen mode: deterministic

17264 DrEnzyme the Slicer (level 12, -1/54 HPs)
             Began as a Vine Stalker Wanderer on Oct 16, 2019.
             Was a High Priest of Okawaru.
             Succumbed to a hornet's poison
             ... on level 11 of the Dungeon.
             The game lasted 00:41:24 (11243 turns).

DrEnzyme the Slicer (Vine Stalker Wanderer)        Turns: 11243, Time: 00:41:25

Health: -1/54      AC: 11    Str: 27    XL:     12   Next: 46%
Magic:  3/24       EV: 14    Int: 12    God:    Okawaru [*****.]
Gold:   281        SH:  8    Dex: 12    Spells: 21/26 levels left

rFire    + . .     SeeInvis +   a - +3 short sword (elec)
rCold    + . .     Gourm    .   (no shield)
rNeg     . . .     Faith    .   y - +1 ring mail {rC+}
rPois    .         Spirit   +   Q - +2 hat {MR+}
rElec    +         Reflect  +   (no cloak)
rCorr    .         Harm     .   n - +1 pair of gloves {Str+3}
MR       ++...                  (no boots)
Stlth    ++........             l - +4 amulet of reflection
HPRegen  0.98/turn              g - ring of see invisible
MPRegen  0.19/turn              v - ring of protection from fire

@: lethally poisoned (-1 -> -20), marked, very slightly contaminated, slowed,
very slow
A: fangs 3, large bone plates 1, frail 1, regeneration 2, electricity
resistance, strong 1, magic shield, antimagic bite, no potion heal 3, rot
immunity
a: Heroism, Finesse, Renounce Religion


You were on level 11 of the Dungeon.
You worshipped Okawaru.
Okawaru was extremely pleased with you.
You were not hungry.

You visited 2 branches of the dungeon, and saw 12 of its levels.
You also visited: Ossuary.

You collected 756 gold pieces.
You spent 475 gold pieces at shops.

Inventory:

Hand Weapons
 a - a +3 short sword of electrocution (weapon)
 b - a +5 dagger of venom
 c - a +0 hand crossbow
 M - a +5 scimitar
 R - a +1 scimitar of flaming
Missiles
 h - 8 javelins (quivered)
 u - 53 poisoned darts
 E - 13 bolts
Armour
 n - a +1 pair of gloves of strength (worn)
 y - a +1 ring mail of cold resistance (worn)
 I - a +1 leather armour of fire resistance
 Q - a +2 hat of magic resistance (worn)
Jewellery
 g - a ring of see invisible (left hand)
 l - a +4 amulet of reflection (around neck)
 v - a ring of protection from fire (right hand)
Wands
 x - a wand of paralysis (8)
 C - a wand of enslavement (12)
 D - a wand of random effects (6)
 F - a wand of acid (8)
 L - a wand of polymorph (10)
Scrolls
 d - 7 scrolls of teleportation
 i - 2 scrolls of identify
 m - 6 scrolls of remove curse
 o - 3 scrolls of blinking
 s - 5 scrolls of magic mapping
 H - a scroll of torment {unknown}
 N - 3 scrolls of amnesia
 O - 2 scrolls of immolation
Potions
 e - a potion of brilliance
 j - 6 potions of curing
 k - 4 potions of magic
 p - a potion of resistance
 q - 2 potions of lignification
 r - 3 potions of haste
 t - 2 potions of cancellation
 w - 3 potions of flight
 z - 5 potions of agility
 A - a potion of invisibility
 B - 2 potions of mutation
Comestibles
 f - 20 rations
 G - 8 chunks of flesh


   Skills:
 + Level 6.1 Fighting
 * Level 10.1 Short Blades
   Level 2.2 Maces & Flails
 + Level 6.8 Crossbows
 + Level 4.4 Throwing
 + Level 7.0 Armour
 + Level 5.7 Dodging
 + Level 3.7 Stealth
   Level 1.0 Shields
 * Level 7.6 Spellcasting
 + Level 1.0 Evocations


You had 21 spell levels left.
You knew the following spells:

 Your Spells              Type           Power        Failure   Level  Hunger
a - Confusing Touch       Hex            #.....       22%         1    None
b - Animate Skeleton      Necr           N/A          22%         1    None
c - Apportation           Tloc           #.....       22%         1    None
d - Passwall              Tmut/Erth      #.......     32%         2    #......

Your spell library contained the following spells:

 Spells                   Type           Power        Failure   Level  Hunger
 Beastly Appendage        Tmut           #.....       22%         1    None
 Freeze                   Ice            #...         22%         1    None
 Sandblast                Erth           #.....       22%         1    None
 Summon Small Mammal      Summ           #...         22%         1    None
 Call Imp                 Summ           #.......     32%         2    #......
 Sticks to Snakes         Tmut           #.......     32%         2    #......
 Throw Frost              Conj/Ice       #.....       32%         2    #......
 Call Canine Familiar     Summ           #.......     54%         3    ##.....
 Confuse                  Hex            #.......     54%         3    ##.....
 Gell's Gravitas          Tloc           #.........   54%         3    ##.....
 Ozocubu's Armour         Chrm/Ice       #.......     54%         3    ##.....
 Spider Form              Tmut/Pois      #.........   54%         3    ##.....
 Stone Arrow              Conj/Erth      #.....       54%         3    ##.....
 Summon Guardian Golem    Hex/Summ       #.......     54%         3    ##.....
 Ice Form                 Ice/Tmut       #.......     91%         4    ####...
 Petrify                  Tmut/Erth      #.......     91%         4    ####...
 Summon Ice Beast         Ice/Summ       #.......     91%         4    ####...
 Summon Lightning Spire   Summ/Air       #.......     91%         4    ####...
 Throw Icicle             Conj/Ice       #.......     91%         4    ####...
 Blade Hands              Tmut           #.........   99%         5    ######.
 Lee's Rapid Deconstruct  Erth           #.........   99%         5    ######.
 Metabolic Englaciation   Hex/Ice        #.........   99%         5    ######.
 Yara's Violent Unravell  Hex/Tmut       #.........   99%         5    ######.


Dungeon Overview and Level Annotations

Branches:
Dungeon (11/15)            Temple (1/1) D:6            Lair (0/6) D:8
Ossuary (visited)
    Orc: D:9-12

Altars:
Ashenzari
Cheibriados
Dithmenos
Elyvilon
Fedhas
Gozag
Hepliaklqana
Kikubaaqudgha
Makhleb
Nemelex Xobeh
Okawaru
Qazlal
Sif Muna
Trog
Uskayaw
Vehumet
Wu Jian
Xom
Yredelemnul
Zin
The Shining One

Shops:
D:5 :   D:7 (   D:9 =

Annotations:
D:3 2 transporters, Grinder
D:9 exclusion: door


Innate Abilities, Weirdness & Mutations

You have razor-sharp teeth.
You heal very quickly.
When hurt, damage is shared between your health and your magic reserves.
Your bite disrupts and absorbs the magic of your enemies.
Potions cannot restore your health.
You are immune to rotting.
You are partially covered in large bone plates. (SH +4)
You are frail. (-10% HP)
You are resistant to electric shocks. (rElec)
Your muscles are strong. (Str +2)


Message History

The hornet stings you.
* * * LOW HITPOINT WARNING * * *
You feel as though you will be slow longer.
* * * LOW HITPOINT WARNING * * *
You feel very sick.
The hornet stings you but does no damage.
The hornet stings you.
* * * LOW HITPOINT WARNING * * *
You are more poisoned.
You shrug off the repeated paralysis!
The hornet stings you but does no damage.
The hornet stings you.
* * * LOW HITPOINT WARNING * * *
You feel as though you will be slow longer.
You can move again.
Blink to where?
Press: ? - help, Dir - move target cursor You are very lightly contaminated with residual magic.
As you read the scroll of blinking, it crumbles to dust.
You die...

#..##.# #y##..##..# #.
#..##.# #§##..##..# #.
#####..##.# #y##..##..# #.
#......##.###.##......# #.
#.............##......# #.
#.....)...............# #.
#.....##..............######.
#.....##..##..##.............
#.....##..##@.##.......####..
#.....##..##..##.......# #..
#.....##..##..##.......# #..
#.....##..##..##.......# #..
#.....##..##..##.......# #..
#.........##..##.......####..
#.........##.......(....(÷(.(
#####.....##......##.........
#.....##..>...##<.######.


You could see a hornet.

Vanquished Creatures
  Gastronok (D:8)
  Josephine (D:10)
  A centaur warrior (D:10)
  Erica (D:8)
  2 unseen horrors
  Pikel (D:6)
  3 ugly things
  A cyclops (D:11)
  Joseph (D:8)
  An elephant (D:8)
  3 trolls
  Prince Ribbit (D:5)
  A hornet (D:10)
  2 hippogriffs
  Sigmund (D:2)
  A wyvern (D:10)
  2 yaks (D:8)
  6 wraiths (D:10)
  Eustachio (D:6)
  3 hogs (D:8)
  A human (D:8)
  A basilisk (D:8)
  A hungry ghost (D:9)
  A soldier ant (D:10)
  2 water moccasins
  Duvessa (D:6)
  2 orc warriors
  3 ice beasts
  An eye of draining (D:10)
  2 black bears (D:6)
  4 ogres
  4 phantoms
  A necrophage (D:8)
  A centaur (D:9)
  A crocodile (D:8)
  2 big kobolds (D:7)
  6 bullfrogs
  Dowan (D:6)
  A wyvern zombie (D:10)
  4 water moccasin zombies (Ossuary)
  3 scorpions
  10 killer bees
  11 wights
  2 howler monkeys
  A crimson imp (D:10)
  4 bullfrog zombies
  2 orc priests
  A bullfrog skeleton (D:4)
  2 hounds (D:4)
  2 jellies
  A centaur skeleton (D:4)
  Ijyb (D:5)
  An iguana (D:11)
  Natasha (thrice) (D:2)
  17 orc wizards
  12 worker ants
  4 big kobold zombies (Ossuary)
  A hound zombie (D:7)
  2 mummies (Ossuary)
  A howler monkey zombie (D:8)
  A worker ant zombie (D:6)
  12 adders
  An ooze (D:3)
  An adder skeleton (D:7)
  7 adder zombies
  A worm (D:4)
  3 dart slugs
  3 leopard geckos
  40 orcs
  A ball python (D:8)
  10 giant cockroaches
  4 gnoll zombies (Ossuary)
  4 goblins
  7 hobgoblins
  9 jackals
  17 kobolds
  2 quokkas
  8 bats
  2 frilled lizards
  4 hobgoblin zombies (Ossuary)
  4 kobold zombies (Ossuary)
  A leopard gecko skeleton (D:6)
  3 orc zombies (Ossuary)
  3 quokka skeletons
  8 rats
311 creatures vanquished.

Vanquished Creatures (collateral kills)
  An adder (D:2)
  A hobgoblin (D:2)
2 creatures vanquished.

Vanquished Creatures (others)
  A cyclops (D:11)
1 creature vanquished.

Grand Total: 314 creatures vanquished

Notes
Turn   | Place    | Note
-------+----------+-------------------------------------------
     0 | D:1      | DrEnzyme the Vine Stalker Wanderer began the quest for the
                  | Orb.
     0 | D:1      | DrEnzyme set off with the following items: a +0 hand
                  | crossbow, a box of beasts, 30 bolts, a scroll of
                  | teleportation, a +0 robe, a ration
     0 | D:1      | Reached XP level 1. HP: 9/9 MP: 2/2
   201 | D:1      | Reached XP level 2. HP: 13/13 MP: 3/3
   809 | D:2      | Reached XP level 3. HP: 15/16 MP: 2/4
   885 | D:2      | Found an opulent altar of Gozag.
   901 | D:2      | Noticed Natasha
   905 | D:2      | Killed Natasha
   905 | D:2      | Gained mutation: Your natural rate of healing is unusually
                  | fast. [Vine Stalker growth]
   905 | D:2      | Reached XP level 4. HP: 13/21 MP: 3/5
  1114 | D:2      | Noticed Natasha
  1118 | D:2      | Killed Natasha
  1176 | D:2      | Found a faded altar of an unknown god.
  1279 | D:2      | Noticed Sigmund
  1285 | D:2      | Killed Sigmund
  1285 | D:2      | Reached skill level 1 in Fighting
  1285 | D:2      | Reached skill level 5 in Crossbows
  1285 | D:2      | Reached skill level 1 in Dodging
  1285 | D:2      | Reached XP level 5. HP: 25/25 MP: 6/6
  1285 | D:2      | Reached XP level 6. HP: 30/30 MP: 7/7
  1581 | D:2      | Noticed Natasha
  1583 | D:2      | Killed Natasha
  1685 | D:3      | Found a sparkling altar of Nemelex Xobeh.
  1748 | D:3      | Found a burning altar of Makhleb.
  1750 | D:3      | Noticed a black bear
  1750 | D:3      | Noticed a wraith
  1865 | D:3      | Noticed Grinder
  1988 | D:3      | Found a transporter.
  2007 | D:3      | Found a transporter.
  2476 | D:4      | HP: 1/30 [ogre/+0 giant spiked club (22)]
  2552 | D:4      | Reached XP level 7. HP: 20/34 MP: 3/8
  2734 | D:4      | Reached skill level 1 in Maces & Flails
  2912 | D:4      | Reached skill level 1 in Throwing
  3103 | D:5      | Entered Level 5 of the Dungeon
  3146 | D:5      | Gained mutation: You are frail. (-10% HP) [potion of
                  | mutation]
  3146 | D:5      | Gained mutation: You are partially covered in large bone
                  | plates. (SH +4) [potion of mutation]
  3146 | D:5      | Gained mutation: You are resistant to electric shocks.
                  | (rElec) [potion of mutation]
  3146 | D:5      | Gained mutation: Your muscles are strong. (Str +2) [potion
                  | of mutation]
  3329 | D:5      | Found a shattered altar of Ashenzari.
  3414 | D:5      | Noticed Ijyb
  3460 | D:4      | Reached skill level 5 in Armour
  3505 | D:4      | Gained mutation: You have razor-sharp teeth. [Vine Stalker
                  | growth]
  3505 | D:4      | Reached XP level 8. HP: 35/35 MP: 7/9
  3629 | D:5      | Noticed Prince Ribbit
  3632 | D:5      | Killed Prince Ribbit
  3666 | D:5      | Found Juat's Book Boutique.
  3692 | D:5      | Reached skill level 1 in Short Blades
  3713 | D:5      | Bought a book of Misfortune for 200 gold pieces
  3715 | D:5      | Learned a level 1 spell: Confusing Touch
  3810 | D:5      | Killed Ijyb
  4143 | D:5      | Reached skill level 1 in Spellcasting
  4319 | D:6      | Noticed Eustachio
  4320 | D:6      | Found a staircase to the Ecumenical Temple.
  4337 | D:6      | Killed Eustachio
  4337 | D:6      | Reached skill level 1 in Stealth
  4412 | D:6      | Reached skill level 2 in Short Blades
  4458 | D:6      | Reached XP level 9. HP: 39/39 MP: 13/13
  4512 | Temple   | Entered the Ecumenical Temple
  4691 | D:6      | Found a blossoming altar of Fedhas.
  4691 | D:6      | Found a shimmering altar of Xom.
  4868 | D:6      | Noticed Duvessa
  4869 | D:6      | Noticed Dowan
  4877 | D:6      | Killed Duvessa
  4877 | D:6      | Reached skill level 3 in Short Blades
  4881 | D:6      | Killed Dowan
  5111 | D:6      | Noticed Pikel
  5134 | D:6      | Killed Pikel
  5160 | D:6      | Found an iron altar of Okawaru.
  5197 | D:6      | Became a worshipper of Warmaster Okawaru
  5406 | D:7      | Found a white marble altar of Elyvilon.
  5434 | D:7      | Found Womm's Weapon Shoppe.
  5574 | D:7      | Reached skill level 4 in Short Blades
  5578 | D:7      | Learned a level 1 spell: Animate Skeleton
  5580 | D:7      | Learned a level 1 spell: Apportation
  5583 | D:7      | Learned a level 2 spell: Passwall
  6004 | D:7      | Reached * piety under Okawaru
  6029 | D:7      | Reached skill level 5 in Short Blades
  6103 | D:7      | Reached XP level 10. HP: 44/44 MP: 17/17
  6539 | D:8      | Found a sand-covered staircase.
  6570 | Ossuary  | Entered an ossuary
  6824 | D:8      | Reached skill level 5 in Spellcasting
  6862 | D:8      | Reached skill level 6 in Short Blades
  6919 | D:8      | Noticed Erica
  6920 | D:8      | Noticed Gastronok
  6931 | D:8      | Killed Erica
  6931 | D:8      | Reached ** piety under Okawaru
  6946 | D:8      | Killed Gastronok
  6946 | D:8      | Reached *** piety under Okawaru
  6946 | D:8      | Reached skill level 7 in Short Blades
  7138 | D:8      | Found a staircase to the Lair.
  7138 | D:8      | Noticed an elephant
  7170 | D:8      | Killed an elephant
  7170 | D:8      | Reached **** piety under Okawaru
  7170 | D:8      | Reached skill level 8 in Short Blades
  7170 | D:8      | Reached XP level 11. HP: 29/48 MP: 20/20
  7325 | D:8      | Noticed Joseph
  7426 | D:8      | Killed Joseph
  7567 | D:8      | Reached skill level 5 in Fighting
  7831 | D:9      | Noticed a +0 dagger
  7831 | D:9      | Noticed a +0 dagger
  7839 | D:9      | Found a hide-covered altar of Uskayaw.
  8382 | D:9      | Found Gixiaf's Jewellery Shoppe.
  8451 | D:9      | Received a gift from Okawaru
  8668 | D:9      | Found a stormy altar of Qazlal.
  9024 | D:10     | Entered Level 10 of the Dungeon
  9080 | D:10     | Noticed an unseen horror
  9093 | D:10     | Noticed a purple ugly thing
  9101 | D:10     | Killed an unseen horror
  9101 | D:10     | Reached ***** piety under Okawaru
  9101 | D:10     | Received a gift from Okawaru
  9101 | D:10     | Reached skill level 9 in Short Blades
  9125 | D:10     | Killed a purple ugly thing
  9260 | D:10     | Reached skill level 5 in Dodging
  9627 | D:9      | Bought an uncursed ring of protection from fire for 275
                  | gold pieces
 10034 | D:10     | Noticed a centaur warrior
 10039 | D:10     | Received a gift from Okawaru
 10045 | D:10     | Killed a centaur warrior
 10163 | D:10     | Noticed Josephine
 10185 | D:10     | Killed Josephine
 10185 | D:10     | Received a gift from Okawaru
 10185 | D:10     | Gained mutation: You heal very quickly. [Vine Stalker
                  | growth]
 10185 | D:10     | Reached XP level 12. HP: 25/54 MP: 21/23
 10884 | D:11     | Reached skill level 10 in Short Blades
 11234 | D:11     | Noticed a queen ant
 11240 | D:11     | Paralysed by a hornet for 2 turns
 11243 | D:11     | Succumbed to a hornet's poison

Levels and vault maps discovered:
D:1:      tarquinn_simple_flora_water_c, layout_basic, serial_corexii_hall,
          corexii_hall_statues_deadend, corexii_hall_statues_i,
          corexii_hall_statues_l, corexii_hall_statues_i, corner_web_ring
D:2:      layout_loops_ring, grunt_gozag_statues, first_ration,
          chequers_ecumenical_altar_lobes, uniq_natasha, uniq_sigmund
D:3:      layout_loops_ring, lemuel_coloured_pillars_altar,
          nemelex_xobeh_ov_fountains_minmay, gammafunk_temple_overflow_arena,
          uniq_grinder
D:4:      layout_rooms
D:5:      layout_cave_pods, serial_shops, nicolae_shop_window_shopping,
          minivault_11, ashenzari_altar_1, uniq_prince_ribbit1, uniq_ijyb
D:6:      layout_basic, gammafunk_temple_overflow_wave, kennysheep_little_box,
          minmay_temple_entry_butterflies, uniq_pikel, uniq_duvessa,
          uniq_eustachio
D:7:      layout_layer_cave, nicolae_overflow_crystal_walls, serial_shops, shop
D:8:      layout_basic, david_lair_generic,
          lightli_ossuary_entry_decrepit_ruins, grunt_livestock,
          kennysheep_small_circle, uniq_gastronok, uniq_joseph, uniq_erica
D:9:      layout_gridville, dancing_weapons_uskayaw,
          nicolae_overflow_hidden_temple, serial_shops,
          nicolae_shop_temple_entry_statues_fountains
D:10:     minmay_opposing_rooms, layout_long_grid, uniq_josephine
D:11:     layout_long_grid, zaba_antful_of_joy
Temple:   nicolae_temple_x_marks_the_god

Skill      XL: |  1  2  3  4  5  6  7  8  9 10 11 12 |
---------------+-------------------------------------+-----
Crossbows      | 3 5 6 |  6.8
Fighting       | 1 2 3 4 5 6 |  6.1
Dodging        | 1 2 3 4 5 |  5.7
Maces & Flails | 2 |  2.2
Throwing       | 1 2 3 4 |  4.4
Armour         | 5 6 7 |  7.0
Short Blades   | 2 5 8 9 10 | 10.1
Spellcasting   | 2 4 5 7 |  7.6
Stealth        | 1 2 3 |  3.7
Shields        | |  1.0
Evocations     | |  1.0

Action                   |  1- 3 |  4- 6 |  7- 9 | 10-12 || total
-------------------------+-------+-------+-------+-------++-------
Melee: Mace              |       |    51 |    98 |       ||   149
       Bite              |       |    12 |    87 |   212 ||   311
       Short sword       |       |       |   207 |   442 ||   649
       Dagger            |       |       |    21 |   161 ||   182
       Punch             |       |       |       |     2 ||     2
 Fire: Hand crossbow     |    71 |    79 |    24 |    64 ||   238
Throw: Dart              |       |    11 |    60 |     7 ||    78
       Javelin           |       |     6 |     3 |    39 ||    48
Invok: Heroism           |       |       |       |     2 ||     2
Evoke: Box of beasts     |     1 |       |       |       ||     1
  Use: Scroll            |       |     1 |    18 |    14 ||    33
       Potion            |       |       |     1 |     3 ||     4
 Stab: Sleeping          |       |       |       |     2 ||     2
  Eat: Chunk             |       |     5 |    12 |    10 ||    27
       Ration            |       |       |       |     2 ||     2
Armor: Robe              |    10 |       |       |       ||    10
       Ring mail         |       |    64 |   100 |    31 ||   195
       Leather armour    |       |       |    19 |    46 ||    65
Dodge: Dodged            |    23 |    68 |   182 |   233 ||   506
Block: Other             |       |       |    71 |   192 ||   263
       Reflection        |       |       |     1 |     4 ||     5

Table legend:
 A = Non-vault XP
 B = Vault XP
 C = Vault XP percentage of total XP
 D = Non-vault monster count
 E = Vault monster count
 F = Vault count percentage of total count
                 A         B        C        D         E       F
            +---------+---------+-------+---------+---------+-------
      Total |   12914 |   11750 |  47.6 |     246 |      68 |  21.7
            +---------+---------+-------+---------+---------+-------
        D:1 |      31 |       0 |   0.0 |      18 |       0 |   0.0
        D:2 |     124 |     277 |  69.1 |      21 |       2 |   8.7
        D:3 |      62 |       0 |   0.0 |      23 |       0 |   0.0
        D:4 |     730 |       0 |   0.0 |      25 |       0 |   0.0
        D:5 |     185 |     315 |  63.0 |      14 |       2 |  12.5
        D:6 |     887 |    1116 |  55.7 |      22 |       4 |  15.4
        D:7 |    1052 |       0 |   0.0 |      36 |       0 |   0.0
        D:8 |     645 |    5699 |  89.8 |      17 |      15 |  46.9
        D:9 |    1551 |       0 |   0.0 |      20 |       0 |   0.0
       D:10 |    3905 |    3787 |  49.2 |      29 |      14 |  32.6
       D:11 |    3742 |      67 |   1.8 |      21 |       2 |   8.7
    Ossuary |       0 |     489 | 100.0 |       0 |      29 | 100.0
            +---------+---------+-------+---------+---------+-------
